 Dungeon Crawl Stone Soup version 0.28.0 (webtiles) character file.

Game seed: 8104788874353881238

0 Kalagan26 the Magician (level 1, -1/15 HPs)
             Began as a Djinni Fire Elementalist on Feb 18, 2022.
             Frozen to death by an endoplasm (3 damage)
             ... on level 1 of the Dungeon.
             The game lasted 00:01:34 (347 turns).

Kalagan26 the Magician (Djinni Fire Elementalist)    Turns: 347, Time: 00:01:35

Health: -1/15      AC:  2    Str:  7    XL:     1   Next: 11%
Gold:   20         EV: 12    Int: 16    God:
                   SH:  0    Dex: 13

rFire   + + .      SeeInvis .   (no weapon)
rCold   x . .      Faith    .   (no shield)
rNeg    . . .      Spirit   .   a - +0 robe
rPois   ∞          Reflect  .   (no helmet)
rElec   .          Harm     .   (no cloak)
rCorr   .          Rampage  .   (no gloves)
Will    .....                   (boots unavailable)
Stlth   ++........              (no amulet)
HPRegen 0.05/turn               (no ring)
MPRegen 0.00/turn               (no ring)

@: flying
A: sickness immunity, fire resistance 2, cold vulnerability 1, float, innate
caster, HP casting, extra vitality 1
a: no special abilities


You were on level 1 of the Dungeon.
You visited 1 branch of the dungeon, and saw 1 of its levels.

You collected 20 gold pieces.

Inventory:

Armour
 a - a +0 robe (worn)


   Skills:
 * Level 2.1 Dodging
 + Level 1.5 Stealth
 * Level 2.4 Spellcasting


You couldn't memorise any spells.
You knew the following spells:

 Your Spells              Type           Power      Damage    Failure   Level
a - Foxfire               Conj/Fire      36%        2x1d5     8%          1
b - Scorch                Fire           18%        2d5       11%         2
c - Conjure Flame         Conj/Fire      9%         6-21      22%         3
d - Inner Flame           Hex/Fire       9%         N/A       22%         3
e - Flame Wave            Conj/Fire      9%         2d5       58%         4
Your spell library was empty.

Dungeon Overview and Level Annotations

Branches:
Dungeon (1/15)

Altars:


Innate Abilities, Weirdness & Mutations

You are immune to sickness and miasma.
You are immune to poison.
Your flesh is very heat resistant. (rF++)
You are vulnerable to cold. (rC-)
You float through the air rather than walking.
You learn spells naturally, not from books.
Your magical power is your life essence.
You have superior vitality. (+4 MHP)


Message History

You start waiting.
Done waiting.
You see here a ball python skeleton.
Found 17 gold pieces.
You now have 20 gold pieces (gained 17).
Found a book of Ice.
An endoplasm comes into view.
Found 18 stones.
The endoplasm quivers.
Casting: Foxfire (safe; 8% risk of failure)
Press: ? - help, Q - select action, (/) - cycle Dir - look around, f - activate You conjure some foxfire!
Your foxfire dissipates!
The foxfire hits the endoplasm.
The endoplasm is heavily wounded.
The endoplasm hits you.
An endoplasm is nearby!
Casting: Foxfire (safe; 8% risk of failure)
Press: ? - help, Q - select action, (/) - cycle Dir - look around, f - activate You conjure some foxfire!
The endoplasm barely misses you.
Your foxfire dissipates!
The foxfire hits the endoplasm.
The endoplasm is heavily wounded.
Casting: Foxfire (safe; 8% risk of failure)
Press: ? - help, Q - select action, (/) - cycle Dir - look around, f - activate You conjure some foxfire!
The endoplasm freezes you.
You are frozen!
You feel a terrible chill!
* * * LOW HITPOINT WARNING * * *
Your foxfire dissipates!
The foxfire hits the endoplasm but does no damage.
The endoplasm is heavily wounded.
Casting: Foxfire (safe; 8% risk of failure)
Press: ? - help, Q - select action, (/) - cycle Dir - look around, f - activate You conjure some foxfire!
* * * LOW HITPOINT WARNING * * *
The endoplasm freezes you.
You are frozen.
You feel a terrible chill!
You die...

#...÷...# #.#####.# #.#
#.# #.# #.# #.# #.# ##.#
#.########### .#.#
#...........# #..#
###########.###.# ...#
#(..v@J.....#
#'################.###.#
8.8'........# #.#
...#........# ...
#+##....⌠...# .#:..
...........## #.#####
.<....###### # .....##
######


You could see an endoplasm (ally target).

Vanquished Creatures
  A ball python (D:1)
1 creature vanquished.

Vanquished Creatures (others)
  4 foxfires (D:1)
4 creatures vanquished.

Grand Total: 5 creatures vanquished

Notes
Turn   | Place    | Note
-------+----------+-------------------------------------------
     0 | D:1      | Kalagan26 the Djinni Fire Elementalist began the quest for
                  | the Orb.
     0 | D:1      | Reached XP level 1. HP: 15/15 MP: 0/0
   347 | D:1      | Frozen to death by an endoplasm

Illustrated notes

Levels and vault maps discovered:
D:1:      giann_wishing_wells, layout_loops_ring, nicolae_wormholes

Action                   || total
-------------------------++-------
 Cast: Foxfire           ||     9
Armor: Robe              ||     1
Dodge: Dodged            ||     3
